 Dungeon Crawl Stone Soup version 0.30-a0-234-g97d66968fd (webtiles) character file.

Game seed: 7344491858063891318

89264 MrRokkomies the Dancer (level 15, -14/134 HPs)
             Began as an Armataur Brigand on Oct 9, 2022.
             Was a Follower of Uskayaw.
             Demolished by a caustic shrike simulacrum (16 damage)
             ... in an ice cave on Oct 10, 2022.
             The game lasted 01:39:08 (31652 turns).

MrRokkomies the Dancer (Armataur Brigand)          Turns: 31652, Time: 01:39:10

Health: -14/134    AC: 23    Str: 27    XL:     15   Next: 48%
Magic:  24/24      EV: 11    Int: 12    God:    Uskayaw [*.....]
Gold:   1261       SH:  0    Dex: 15    Spells: 14/14 levels left

rFire   x . .      SeeInvis +    a - +3 dagger (venom)
rCold   + + .      Faith    .    (no shield)
rNeg    + + .      Spirit   .    A - +1 acid dragon scales
rPois   .          Reflect  .    y - +0 mask of the Dragon {Will+ Slay+3 SInv}
rElec   .          Harm     .    c - +1 cloak
rCorr   +          Roll     +    t - +0 pair of gloves
Will    ++...                    F - +4 barding of Henotheism {Str+3}
Stlth   ++++......               (no amulet)
HPRegen 0.42/turn                I - ring "Yfaese" {Ice rN++ Str+4 SInv}
MPRegen 0.19/turn                Z - ring of protection from cold

@: hasted, slow
A: large, rugged brown scales 3, deformed body, armoured tail, roll, long
tongue, awkward tongue
a: Renounce Religion, Stomp


You were in an ice cave.
You worshipped Uskayaw.
Uskayaw was pleased with you.
You visited 4 branches of the dungeon, and saw 23 of its levels.
You also visited: Gauntlet, Ice Cave and Volcano.

You collected 2321 gold pieces.
You spent 1060 gold pieces at shops.

Inventory:

Hand Weapons
 a - a +3 dagger of venom (weapon)
 b - a +3 battleaxe of freezing
 m - a +0 quick blade
Missiles
 d - 26 poisoned darts
 e - 11 curare-tipped darts
 i - 6 javelins
 l - a silver boomerang
 N - 9 boomerangs (quivered)
 P - 9 atropa-tipped darts
Armour
 c - a +1 cloak (worn)
 t - a +0 pair of gloves (worn)
 y - the +0 mask of the Dragon (worn) {Will+ Slay+3 SInv}
   (You bought it in a shop on level 4 of the Dungeon)

   Slay:      It affects your accuracy & damage with ranged weapons and melee
   (+3).
   SInv:      It lets you see invisible.
   Will:      It increases your willpower.
 A - +1 acid dragon scales (worn)
 F - the +4 barding of Henotheism (worn) {Str+3}
   (You acquired it on level 2 of the Lair of Beasts)

   Str:       It affects your strength (+3).
Jewellery
 g - a ring of poison resistance
 u - a ring of protection from fire
 E - a ring of positive energy
 I - the ring "Yfaese" (left hand) {Ice rN++ Str+4 SInv}
   (You found it on level 8 of the Dungeon)

   [ring of ice]

   It enhances your ice magic.
   Str:       It affects your strength (+4).
   rF:        It makes you vulnerable to fire.
   rC:        It protects you from cold.
   rN:        It greatly protects you from negative energy.
   SInv:      It lets you see invisible.
 W - a ring of see invisible
 Z - a ring of protection from cold (right hand)
Wands
 o - a wand of iceblast (5)
 v - a wand of flame (9)
 C - a wand of digging (8)
 G - a wand of charming (3)
 Q - a wand of quicksilver (17)
 X - a wand of mindburst (4)
Scrolls
 j - 14 scrolls of teleportation
 k - a scroll of immolation
 p - a scroll of magic mapping
 q - 9 scrolls of identify
 z - 2 scrolls of blinking
 B - 2 scrolls of butterflies
 H - 2 scrolls of silence
 J - 2 scrolls of poison
 R - 3 scrolls of enchant weapon
 V - 2 scrolls of summoning
Potions
 f - 6 potions of resistance
 h - 2 potions of cancellation
 n - 4 potions of berserk rage
 r - 7 potions of flight
 s - 4 potions of haste
 x - 2 potions of magic
 D - 2 potions of might
 K - 9 potions of ambrosia
 L - 3 potions of lignification
 M - 4 potions of brilliance
 O - 2 potions of curing
 S - 2 potions of mutation
Miscellaneous
 T - a lightning rod (4/4)
 U - a condenser vane
 Y - a phantom mirror


   Skills:
 + Level 10.3 Fighting
 - Level 10.0 Short Blades
 * Level 2.9 Axes
 - Level 6.4 Throwing
 - Level 10.4 Armour
 - Level 9.0 Dodging
 - Level 11.0 Stealth
 - Level 5.0 Shields
 * Level 12.8 Invocations
 + Level 8.2 Evocations


You had 14 spell levels left.
You didn't know any spells.
Your spell library contained the following spells:

 Spells                   Type           Power      Damage    Failure   Level
 Magic Dart               Conj           0%         1d3       36%         1
 Summon Small Mammal      Summ           0%         N/A       36%         1
 Cigotuvi's Dreadful Rot  Necr/Pois/Air  0%         N/A       50%         2
 Poisonous Vapours        Pois/Air       0%         N/A       50%         2
 Call Canine Familiar     Summ           0%         N/A       75%         3
 Mephitic Cloud           Conj/Pois/Air  0%         N/A       75%         3
 Portal Projectile        Hex/Tloc       0%         N/A       75%         3
 Summon Guardian Golem    Hex/Summ       0%         N/A       75%         3
 Dispel Undead            Necr           0%         3d6       98%         4
 Leda's Liquefaction      Hex/Erth       0%         N/A       98%         4
 Summon Forest            Summ/Tloc      0%         N/A       100%        5
 Yara's Violent Unravell  Hex/Tmut       0%         3d3       100%        5
 Death Channel            Necr           0%         N/A       100%        6
 Eringya's Noxious Bog    Tmut/Pois      0%         N/A       100%        6
 Enfeeble                 Hex            0%         N/A       100%        7
 Summon Hydra             Summ           0%         N/A       100%        7


Dungeon Overview and Level Annotations

Branches:
Dungeon (15/15)            Temple (1/1) D:4            Lair (5/5) D:8
 Shoals (0/4) Lair:3       Spider (0/4) Lair:3        Slime (0/5) Lair:4
    Orc (2/2) D:11            Elf (0/3) Orc:2        Vaults (0/5) D:14
 Depths (0/4) D:15          IceCv (1/1)             Volcano (visited)
Gauntlet (visited)

Altars:
Ashenzari
Cheibriados
Dithmenos
Elyvilon
Fedhas
Gozag
Hepliaklqana
Kikubaaqudgha
Makhleb
Nemelex Xobeh
Okawaru
Qazlal
Ru
Sif Muna
Trog
Uskayaw
Vehumet
Wu Jian
Xom
Yredelemnul
Zin
The Shining One
Jiyva

Shops:
D:4 [   D:7 :(   D:13 [   D:14 *   Orc:2 (=!?

Portals:
Pandemonium: Orc:2

Annotations:
Lair:4 1 runed translucent door, dupek999's ghost, journeyman DsDe IceCv exclusion: obsidian statue


Innate Abilities, Weirdness & Mutations

You are completely covered in rugged brown scales. (AC +3, +7% HP)
Armour fits poorly on your strangely shaped body.
You have a long armoured tail.
You roll when moving toward enemies. (Rampage)
Your long tongue fully drains potion bottles. (2x potion effects)
Your tongue gives you trouble enunciating. (1.5x scroll delay)


Message History

You resist.
You hit the caustic shrike simulacrum but do no damage.
Your tail-slap misses the caustic shrike simulacrum.
The caustic shrike simulacrum is lightly damaged.
The caustic shrike simulacrum claws you but does no damage.
You puncture the caustic shrike simulacrum!
The caustic shrike simulacrum is moderately damaged.
The caustic shrike simulacrum claws you.
The caustic shrike simulacrum freezes you!
You resist.
You hit the caustic shrike simulacrum but do no damage.
The caustic shrike simulacrum is moderately damaged.
The caustic shrike simulacrum misses you.
You hit the caustic shrike simulacrum.
You tail-slap the caustic shrike simulacrum.
The caustic shrike simulacrum is moderately damaged.
The caustic shrike simulacrum claws you.
The caustic shrike simulacrum freezes you!
You resist.
* * * LOW HITPOINT WARNING * * *
Okay, then.
Unknown command.
You feel yourself speed up.
The caustic shrike simulacrum claws you but does no damage.
The caustic shrike simulacrum claws you!
* * * LOW HITPOINT WARNING * * *
The caustic shrike simulacrum freezes you!
You resist.
* * * LOW HITPOINT WARNING * * *
The caustic shrike simulacrum attacks as you move away!
The caustic shrike simulacrum claws you but does no damage.
You enter the shallow water.
Moving in this stuff is going to be slow.
The caustic shrike simulacrum attacks as you move away!
The caustic shrike simulacrum claws you but does no damage.
The caustic shrike simulacrum claws you!
* * * LOW HITPOINT WARNING * * *
The caustic shrike simulacrum freezes you!
You resist.
You die...

######## #########
#.....Z######~.#....#
#.....##..##~~##.#..##
#....######Z@~####..## #
#....###≈≈≈≈≈~~####...#
# ##### ##≈≈≈≈≈≈≈##..###
##
##≈≈≈≈≈≈≈##..#########.
≈≈≈≈≈≈≈≈≈###..##...[.##
##≈≈≈≈≈≈≈≈#..###...⌠...#
##≈≈≈≈≈≈##...##..(.(...
###≈≈≈##..#########... #
###.### #..##


You could see a minotaur simulacrum and a caustic shrike simulacrum.

Vanquished Creatures
  Rupert (Lair:4)
  An orc warlord (Orc:2)
  A minotaur (Gauntlet)
  An ettin (Orc:1)
  Snorg (Lair:4)
  2 demonspawn (Orc:2)
  3 centaur warriors
  6 hydras
  An ogre mage (D:14)
  A boulder beetle (Lair:2)
  5 two-headed ogres
  4 death yaks
  5 orc high priests (Orc:2)
  A soul eater (Orc:2)
  A skeletal warrior (D:14)
  A fire crab (Gauntlet)
  5 spriggan simulacra (IceCv)
  A deep elf pyromancer (D:12)
  5 orc knights
  6 orc sorcerers (Orc:2)
  A necromancer (Gauntlet)
  3 cyclopes
  5 ugly things
  3 manticores
  5 black mambas
  4 elephants (Lair:5)
  A molten gargoyle (Volcano)
  A rust devil (Orc:2)
  2 gargoyles
  3 centaur skeletons (D:14)
  10 cane toads
  An efreet (D:14)
  7 rime drakes
  A freezing wraith (IceCv)
  An anaconda simulacrum (IceCv)
  A kobold demonologist (D:14)
  8 ice devils (IceCv)
  4 komodo dragons
  2 red devils (Orc:2)
  A queen bee (D:11)
  3 meliai (D:14)
  9 polar bears (Lair:5)
  4 trolls
  2 hornets (D:9)
  2 raiju (Lair:5)
  5 blink frogs (Lair:5)
  7 dream sheep (Lair:5)
  8 slime creatures
  2 centaur simulacra (Gauntlet)
  A ynoxinul (Orc:2)
  3 shadows
  3 culicivoras (Lair:3)
  3 wyverns
  2 dire elephant simulacra (IceCv)
  2 fire elementals (Volcano)
  A hog (shapeshifter) (D:13)
  41 yaks
  4 fire bats (Gauntlet)
  3 steam dragons
  11 vampire mosquitoes
  6 basilisks
  5 minotaur simulacra (IceCv)
  Edmund (D:6)
  10 wargs
  2 harpy simulacra (IceCv)
  2 acid dragons
  15 hell hounds (Lair:5)
  15 water moccasins
  A meliai simulacrum (Gauntlet)
  24 orc warriors
  14 black bears
  An ice beast (D:7)
  5 ogres
  45 wolves
  An alligator simulacrum (IceCv)
  6 centaurs
  2 phantoms (D:5)
  4 kobold brigands
  2 necrophages (D:5)
  8 deep troll simulacra (IceCv)
  4 bullfrogs
  A gnoll sergeant (D:9)
  A scorpion (D:6)
  19 wights
  32 killer bees
  2 lindwurm simulacra (IceCv)
  3 electric eels
  10 howler monkeys
  A wyvern simulacrum (Gauntlet)
  26 orc priests
  8 hounds
  A jelly (D:5)
  A gnoll bouda (D:7)
  2 iguanas (D:6)
  16 orc wizards
  A boggart skeleton (D:14)
  16 gnolls
  7 adders
  A shadow imp (D:4)
  An ufetubus (D:4)
  2 dart slugs
  70 orcs
  6 endoplasms
  5 giant cockroaches
  5 goblins
  14 hobgoblins
  13 jackals
  3 quokkas
  11 ball pythons
  6 bats
  6 frilled lizards
  10 kobolds
  7 rats
712 creatures vanquished.

Vanquished Creatures (collateral kills)
  A hydra (Lair:2)
  3 death yaks (Lair:4)
4 creatures vanquished.

Vanquished Creatures (others)
  A centaur (D:9)
  A butterfly (D:9)
  12 fungi
  43 plants
57 creatures vanquished.

Grand Total: 773 creatures vanquished

Notes
Turn   | Place    | Note
-------+----------+-------------------------------------------
     0 | D:1      | MrRokkomies the Armataur Brigand began the quest for the
                  | Orb.
     0 | D:1      | Reached XP level 1. HP: 18/18 MP: 1/1
   100 | D:1      | Reached XP level 2. HP: 16/25 MP: 2/2
   213 | D:1      | Reached skill level 1 in Dodging
   283 | D:1      | Found a faded altar of an unknown god.
   301 | D:1      | Got Plato's Atlas of the Salvo
   388 | D:1      | Reached XP level 3. HP: 30/31 MP: 3/3
  1193 | D:2      | Reached XP level 4. HP: 39/39 MP: 4/4
  1883 | D:3      | Found a broken altar of Ashenzari.
  2366 | D:3      | Found a sacrificial altar of Ru.
  2568 | D:4      | Reached skill level 5 in Stealth
  2568 | D:4      | Reached XP level 5. HP: 38/48 MP: 5/5
  2741 | D:4      | Found a blossoming altar of Fedhas.
  2761 | D:4      | Found a staircase to the Ecumenical Temple.
  2801 | Temple   | Entered the Ecumenical Temple
  2903 | Temple   | Became a worshipper of Uskayaw the Reveller
  2953 | D:4      | Reached * piety under Uskayaw
  3030 | D:4      | Reached ** piety under Uskayaw
  3283 | D:4      | Found Newoje's Antique Armour Boutique.
  3659 | D:5      | Entered Level 5 of the Dungeon
  3677 | D:5      | Reached XP level 6. HP: 54/54 MP: 6/6
  3739 | D:5      | Found a snail-covered altar of Cheibriados.
  4108 | D:5      | Reached *** piety under Uskayaw
  4325 | D:5      | Reached XP level 7. HP: 37/63 MP: 7/7
  4328 | D:5      | Reached **** piety under Uskayaw
  4339 | D:5      | Reached ***** piety under Uskayaw
  5441 | D:6      | Reached skill level 5 in Fighting
  5441 | D:6      | Reached skill level 5 in Short Blades
  5487 | D:6      | Reached XP level 8. HP: 72/72 MP: 8/8
  5895 | D:6      | Reached XP level 9. HP: 28/83 MP: 9/9
  6166 | D:6      | Noticed Edmund
  6183 | D:6      | Killed Edmund
  6403 | D:6      | You fall into a shaft and drop 2 floors!
  6443 | D:7      | Found a bloodstained altar of Trog.
  7112 | D:7      | Found Hutociol's Book Boutique.
  7458 | D:7      | Found Celuhun's Antique Weapon Boutique.
  7492 | D:7      | Reached XP level 10. HP: 73/94 MP: 10/10
  8266 | D:8      | Identified the ring "Yfaese" {Ice rN++ Str+4 SInv}
  8280 | D:8      | Found a staircase to the Lair.
  8510 | D:8      | Reached ****** piety under Uskayaw
  9029 | D:9      | Noticed a two-headed ogre
  9031 | D:9      | Killed a two-headed ogre
  9386 | D:9      | Reached skill level 5 in Dodging
  9454 | D:9      | Paralysed by a hornet for 2 turns
  9749 | D:9      | Noticed a two-headed ogre
  9761 | D:9      | Killed a two-headed ogre
  9976 | D:9      | Found a shimmering altar of Xom.
 10162 | D:9      | Found a white marble altar of Elyvilon.
 10298 | D:9      | Reached XP level 11. HP: 102/103 MP: 11/11
 10775 | Lair:1   | Entered Level 1 of the Lair of Beasts
 11576 | Lair:1   | Reached skill level 10 in Stealth
 11578 | Lair:1   | Reached skill level 10 in Short Blades
 11903 | Lair:1   | Reached skill level 10 in Fighting
 11903 | Lair:1   | Reached skill level 1 in Shields
 11903 | Lair:1   | Reached skill level 1 in Invocations
 11914 | Lair:1   | Reached skill level 2 in Invocations
 12681 | Lair:2   | Reached skill level 3 in Invocations
 13086 | Lair:2   | Reached skill level 4 in Invocations
 13106 | Lair:2   | Reached XP level 12. HP: 103/113 MP: 15/15
 13294 | Lair:2   | Noticed a four-headed hydra
 13310 | Lair:2   | Killed a four-headed hydra
 13603 | Lair:2   | Found a transporter.
 13604 | Lair:2   | Found a transporter.
 13604 | Lair:2   | Noticed a boulder beetle
 13629 | Lair:2   | Killed a boulder beetle
 13630 | Lair:2   | Reached skill level 5 in Shields
 13639 | Lair:2   | Identified a scroll of acquirement
 13639 | Lair:2   | Acquired the +4 barding of Henotheism {Str+3}
 14003 | Lair:3   | Reached skill level 5 in Invocations
 14378 | Lair:3   | Found a hole to the Spider Nest.
 14416 | Lair:3   | Reached skill level 1 in Armour
 14583 | Lair:3   | Reached skill level 1 in Evocations
 14688 | Lair:3   | You fall into a shaft and drop 1 floor!
 15005 | Lair:3   | Found a staircase to the Shoals.
 15193 | Lair:4   | Noticed a death yak
 15193 | Lair:4   | Noticed a death yak
 15194 | Lair:4   | Noticed a death yak
 15194 | Lair:4   | Noticed a death yak
 15196 | Lair:4   | Killed a death yak
 15209 | Lair:4   | Killed a death yak
 15210 | Lair:4   | Reached skill level 6 in Invocations
 15212 | Lair:4   | Killed a death yak
 15216 | Lair:4   | Killed a death yak
 15267 | Lair:4   | Noticed Rupert
 15290 | Lair:4   | Paralysed by Rupert for 3 turns
 15313 | Lair:4   | Killed Rupert
 15523 | Lair:4   | Found a viscous altar of Jiyva.
 15524 | Lair:4   | Found a staircase to the Slime Pits.
 15568 | Lair:4   | Noticed Snorg
 15587 | Lair:4   | Killed Snorg
 15588 | Lair:4   | Reached skill level 5 in Armour
 15749 | Lair:4   | Found a runed translucent door.
 15753 | Lair:4   | Noticed a death yak
 15754 | Lair:4   | Noticed dupek999's ghost (journeyman DsDe)
 15801 | Lair:4   | Reached skill level 7 in Invocations
 16036 | Lair:5   | Entered Level 5 of the Lair of Beasts
 16036 | Lair:5   | Noticed a six-headed hydra
 16443 | D:10     | Entered Level 10 of the Dungeon
 16869 | D:10     | Reached XP level 13. HP: 120/120 MP: 18/18
 17377 | D:11     | Found a staircase to the Orcish Mines.
 17400 | D:11     | Found a gate leading to a gauntlet.
 17408 | Gauntlet | Entered a Gauntlet
 17408 | Gauntlet | Found a transporter.
 17408 | Gauntlet | Found a transporter.
 17443 | Gauntlet | Found a transporter.
 17443 | Gauntlet | Found a transporter.
 17446 | Gauntlet | Found a transporter.
 17457 | Gauntlet | Found a transporter.
 17473 | Gauntlet | Noticed a balrug
 17478 | Gauntlet | Found a transporter.
 17480 | Gauntlet | Found the +9 sword of Zonguldrok {reap}
 17484 | Gauntlet | Found a transporter.
 17499 | Gauntlet | Found a transporter.
 17517 | Gauntlet | Found a transporter.
 17525 | Gauntlet | Found a transporter.
 17545 | Gauntlet | Found a transporter.
 17862 | Gauntlet | Reached skill level 8 in Invocations
 18238 | Gauntlet | Noticed a minotaur
 18312 | Gauntlet | Killed a minotaur
 18320 | Gauntlet | Got the Secrets of Blight
 18528 | D:4      | Bought the +0 mask of the Dragon {Will+ Slay+3 SInv} for
                  | 868 gold pieces
 18528 | D:4      | Found the +0 mask of the Dragon {Will+ Slay+3 SInv}
 19153 | Lair:5   | Reached skill level 9 in Invocations
 19384 | Lair:5   | Reached skill level 5 in Evocations
 20567 | Lair:5   | Reached skill level 10 in Invocations
 20567 | Lair:5   | Reached XP level 14. HP: 106/129 MP: 21/21
 20595 | Lair:5   | Reached skill level 10 in Armour
 21506 | D:9      | Found a shimmering blue altar of Sif Muna.
 21708 | Orc:1    | Entered Level 1 of the Orcish Mines
 21800 | Orc:1    | Found a dark tunnel.
 21814 | Volcano  | Entered a volcano
 23063 | Orc:2    | Entered Level 2 of the Orcish Mines
 23110 | Orc:2    | Noticed an orc warlord
 23126 | Orc:2    | Killed an orc warlord
 23422 | Orc:2    | Found a staircase to the Elven Halls.
 23921 | Orc:2    | Found Ummymua's Magic Scroll Emporium.
 23921 | Orc:2    | Found Sytucwa's Distillery.
 24056 | Orc:2    | Bought a potion of curing for 36 gold pieces
 24056 | Orc:2    | Bought a potion of resistance for 120 gold pieces
 24056 | Orc:2    | Bought a potion of curing for 36 gold pieces
 24203 | Orc:2    | Reached skill level 11 in Invocations
 24550 | Orc:2    | Reached skill level 5 in Throwing
 25267 | Orc:2    | Found Cavuib's Jewellery Boutique.
 25267 | Orc:2    | Found Piplarou's Antique Weapon Shop.
 25268 | Orc:2    | Found a one-way gate leading to the halls of Pandemonium.
 25527 | Orc:2    | Upgraded the game from 0.30-a0-222-ge547ba4400 to
                  | 0.30-a0-234-g97d66968fd
 27500 | D:13     | Found Ergher's Armour Shoppe.
 27722 | D:13     | Reached XP level 15. HP: 88/134 MP: 23/23
 28079 | D:13     | Reached skill level 12 in Invocations
 28190 | D:14     | Found Rooheos's Mass Market.
 28969 | D:14     | Reached skill level 1 in Axes
 29390 | D:14     | Found a gate to the Vaults.
 30177 | D:15     | Entered Level 15 of the Dungeon
 30189 | D:15     | Found a frozen archway.
 30195 | IceCv    | Entered an ice cave
 31652 | IceCv    | HP: 2/134 [caustic shrike simulacrum (9)]
 31652 | IceCv    | Demolished by a caustic shrike simulacrum

Illustrated notes

Levels and vault maps discovered:
D:1:      kennysheep_arrival_forest, layout_loops_ring,
          shapermc_ecumenical_altar_rom_forum
D:2:      layout_basic
D:3:      layout_loops_cross, nicolae_ashenzari_panopticon,
          nicolae_ru_the_path_less_chosen, kennysheep_donut
D:4:      minmay_door_path, layout_basic, fedhas_altar_1,
          minmay_temple_entry_large_hall, serial_shops,
          nicolae_shop_window_shopping
D:5:      layout_layer_cave, lemuel_crystal_altar
D:6:      layout_loops_ring, uniq_edmund
D:7:      layout_rooms, lemuel_crystal_altar, serial_shops, shop_statue,
          nicolae_inconvenience_store, dk_noncrumbling_2
D:8:      layout_basic, lair_entry_dummy, nicolae_titane
D:9:      layout_basic, lemuel_blue_sif_altar, nicolae_elyvilon_peaceful_grove,
          xom_confusion_cloud
D:10:     layout_loops_ring
D:11:     layout_roguey [special_room_bee], erik_orc_4, gauntlet_entry_generic
D:12:     layout_rooms
D:13:     layout_roguey, serial_curves, eino_curves_04, eino_curves_01,
          serial_shops, shop, hangedman_decor_push,
          kennysheep_opposing_triangles
D:14:     layout_gridville, hangedman_vaults_entry_quadrant_bands,
          minmay_shop_mass
D:15:     hangedman_depths_entry_civil_slaughter, layout_loops_corners,
          portal_ice_cave_entry_pillars_2, hangedman_glass_teeth, serial_shops,
          nicolae_shop_hallway_plus, nicolae_diode_quadrants
Temple:   eino_temple_water
Lair:1:   layout_cave_pods, st_stairs_5, dreamdust_mushroom_princess,
          serial_bayou_ford_a
Lair:2:   gammafunk_boulding_lane, layout_small_grid, beast_lair_carwin_3,
          serial_bayou_shore_b
Lair:3:   layout_long_grid, elwin_shoals_entry_rooms,
          hellmonk_spider_entry_life_and_decay
Lair:4:   layout_long_grid, slime_entry_1, ebering_ghost_inner_flame,
          st_stairs_3, lemuel_fruit_tree, infiniplex_staircase_pool_2,
          uniq_snorg, uniq_rupert
Lair:5:   hangedman_lair_caniforms_friends, layout_hall_layers, st_stairs_11
Orc:1:    layout_caves, enter_volcano_2
Orc:2:    pf_orc_diabolical, layout_diamond_mine
IceCv:    ice_cave_caverns_02

Skill      XL: |  1  2  3  4  5  6  7  8  9 10 11 12 13 14 15 |
---------------+----------------------------------------------+-----
Fighting       | 2 3 4 5 6 7 9 10 | 10.3
Short Blades   | 2 3 4 5 6 7 9 10 | 10.0
Dodging        | 1 2 3 4 5 6 7 8 9 |  9.0
Stealth        | 5 6 7 8 9 10 11 | 11.0
Shields        | 4 5 |  5.0
Invocations    | 4 7 10 11 12 | 12.8
Armour         | 6 9 10 | 10.4
Evocations     | 3 5 7 8 |  8.2
Throwing       | 6 |  6.4
Axes           | 2 |  2.9

Action                   |  1- 3 |  4- 6 |  7- 9 | 10-12 | 13-15 || total
-------------------------+-------+-------+-------+-------+-------++-------
Melee: Dagger            |   114 |   159 |   322 |   792 |  2048 ||  3435
       Punch             |     1 |     1 |     5 |       |     5 ||    12
       Tailslap          |     6 |    18 |    65 |   153 |   448 ||   690
       Hand axe          |       |       |       |     4 |       ||     4
Throw: Dart              |       |       |     3 |    24 |    31 ||    58
       Throwing net      |       |       |       |     1 |       ||     1
       Boomerang         |       |       |       |       |    71 ||    71
Invok: Stomp             |       |       |       |     2 |    23 ||    25
       Grand Finale      |       |       |       |       |     1 ||     1
Evoke: Lightning rod     |       |       |       |     3 |       ||     3
       Wand              |       |       |       |       |     5 ||     5
  Use: Scroll            |     5 |     6 |     7 |    16 |    11 ||    45
       Potion            |       |       |     1 |     8 |    10 ||    19
 Stab: Sleeping          |    19 |    18 |    10 |    30 |    22 ||    99
       Paralysed         |       |     2 |    11 |    28 |    90 ||   131
       Distracted        |       |       |     1 |     1 |     2 ||     4
       Petrified         |       |       |       |       |     2 ||     2
Armor: Robe              |    43 |    75 |       |       |       ||   118
       Leather armour    |       |    14 |    32 |       |       ||    46
       Steam dragon scal |       |       |    91 |   204 |   569 ||   864
       Acid dragon scale |       |       |       |       |   235 ||   235
Dodge: Dodged            |    44 |    36 |   101 |   156 |   726 ||  1063
Block: Buckler           |       |       |     2 |    74 |   290 ||   366

Table legend: (Time is in decaauts)
 A = Elapsed time spent in this place.
 B = Non-inter-level travel time spent in this place.
 C = Inter-level travel time spent in this place.
 D = Time resting spent in this place.
 E = Time spent auto-exploring this place.
 F = Levels seen in this place.
 G = Mean time per level.
                   A        B        C        D        E       F      G
               +--------+--------+--------+--------+--------+-----+--------+
         Total |  30248 |  28817 |   1431 |   5137 |  18916 |  26 | 1163.4 |
       Dungeon |  16373 |  15449 |    924 |   1870 |  11251 |  15 | 1091.5 |
        Temple |    119 |    102 |     17 |      0 |     84 |   1 |  119.0 |
          Lair |   7954 |   7499 |    455 |   1202 |   5088 |   5 | 1590.8 |
  Orcish Mines |   3102 |   3068 |     34 |   1073 |   1417 |   2 | 1551.0 |
      Ice Cave |   1352 |   1352 |      0 |    723 |    369 |   1 | 1352.0 |
       Volcano |    469 |    469 |      0 |      0 |    367 |   1 |  469.0 |
      Gauntlet |    876 |    876 |      0 |    269 |    339 |   1 |  876.0 |
               +--------+--------+--------+--------+--------+-----+--------+

Top non-repeatable levels by time:
   Orc:2: 2268 daAuts
  Lair:5: 2237 daAuts
     D:9: 1963 daAuts
    D:14: 1913 daAuts
  Lair:1: 1814 daAuts
     D:5: 1696 daAuts
     D:7: 1586 daAuts
  Lair:4: 1462 daAuts
   IceCv: 1352 daAuts
  Lair:2: 1269 daAuts
  Lair:3: 1171 daAuts
     D:6: 1165 daAuts
     D:4: 1126 daAuts
    D:11: 1045 daAuts
     D:8: 985 daAuts
